 Dungeon Crawl Stone Soup version 0.30-a0-881-g1ff12e1e11 (webtiles) character file.

Game seed: 13793981186636826125

536 ooooo the Destroyer (level 7, 46/46 HPs)
             Began as a Demonspawn Conjurer on Mar 15, 2023.
             Was an Initiate of Gozag.
             Quit the game on level 5 of the Dungeon.
             The game lasted 00:06:59 (4199 turns).

ooooo the Destroyer (Demonspawn Conjurer)           Turns: 4199, Time: 00:07:00

Health: 46/46      AC: 10    Str:  7    XL:     7   Next: 4%
Magic:  4/10       EV: 11    Int: 22    God:    Gozag
Gold:   244        SH:  0    Dex: 11    Spells: 3/10 levels left

rFire   + . .      SeeInvis .    q - +0 short sword
rCold   . . .      Faith    .    (no shield)
rNeg    . . .      Spirit   .    A - +0 leather armour
rPois   .          Reflect  .    (helmet restricted)
rElec   .          Rampage  .    (no cloak)
rCorr   .                        o - +2 pair of gloves
Will    .....                    i - +1 pair of boots
Stlth   +                        (no amulet)
HPRegen 0.27/turn                f - ring of protection from fire
MPRegen 0.24/turn                v - ring of wizardry

@: gold aura
A: antennae 1, icy blue scales 1, spiny 1, magic regeneration
a: Renounce Religion, Potion Petition, Call Merchant, Bribe Branch


You were on level 5 of the Dungeon.
You worshipped Gozag.
Gozag was aware of your devotion.
You visited 1 branch of the dungeon, and saw 5 of its levels.

You collected 299 gold pieces.
You paid 55 gold pieces to Gozag.

Inventory:

Hand Weapons
 q - a +0 short sword (weapon)
Missiles
 h - 6 poisoned darts
 k - 9 javelins (quivered)
 x - 5 curare-tipped darts
Armour
 a - a +0 robe
 i - a +1 pair of boots (worn)
 o - a +2 pair of gloves (worn)
 A - a +0 leather armour (worn)
Jewellery
 f - a ring of protection from fire (left hand)
 v - a ring of wizardry (right hand)
 w - a +5 ring of evasion
Wands
 B - a wand of acid (7)
Scrolls
 e - 2 scrolls of amnesia {unknown}
 g - 6 scrolls of identify {unknown}
 l - 2 scrolls of magic mapping {unknown}
 n - a scroll of noise {unknown}
 r - 2 scrolls of blinking {unknown}
 s - a scroll of fear {unknown}
 u - a scroll of acquirement {unknown}
 y - a scroll of summoning {unknown}
 C - a scroll of poison {unknown}
 D - a scroll of vulnerability {unknown}
Potions
 b - 2 potions of magic
 c - a potion of curing {unknown}
 d - 3 potions of brilliance {unknown}
 j - 2 potions of might {unknown}
 m - 2 potions of ambrosia {unknown}
 p - 2 potions of heal wounds {unknown}
 t - 3 potions of berserk rage {unknown}
 z - a potion of degeneration {unknown}


   Skills:
 - Level 1.7 Dodging
 - Level 1.7 Stealth
 - Level 2.0 Spellcasting
 + Level 8.5 Conjurations


You had 3 spell levels left.
You knew the following spells:

 Your Spells              Type           Power      Damage    Failure   Level
a - Searing Ray           Conj           78%        2d7       1%          2
b - Magic Dart            Conj           100%       1d8       1%          1
c - Fulminant Prism       Conj/Hex       10%        3d9       14%         4

Your spell library contained the following spells:

 Spells                   Type           Power      Damage    Failure   Level
 Dazzling Flash           Conj/Hex       42%        N/A       4%          3
 Sting                    Tmut/Pois      8%         1d3       9%          1
 Poisonous Vapours        Pois/Air       4%         N/A       12%         2
 Sublimation of Blood     Necr           2%         N/A       12%         2
 Ignite Poison            Fire/Tmut/Pois 2%         N/A       24%         3
 Kindle Blastsparks       Fire/Tloc/Air  4%         2d10      24%         3
 Iskenderun's Mystic Bla  Conj/Tloc      21%        2d6       14%         4
 Irradiate                Conj/Tmut      10%        3d15      36%         5
 Freezing Cloud           Conj/Ice/Air   7%         6-21      54%         5
 Olgreb's Toxic Radiance  Pois           2%         N/A       58%         4
 Petrify                  Tmut/Erth      2%         N/A       58%         4


Dungeon Overview and Level Annotations

Branches:
Dungeon (5/15) Zot: 25798
 Temple: D:4-7

Altars:
Dithmenos
Gozag
Qazlal
Sif Muna
Trog
Uskayaw
Xom

Shops:
D:4 [


Innate Abilities, Weirdness & Mutations

You have a pair of small antennae on your head.
You are partially covered in icy blue scales. (AC +2)
You are partially covered in sharp spines.
You regenerate magic rapidly.


Message History

You start resting.
Magic restored.
You start resting.
HP restored.
You start waiting.
Done waiting.
You now have 234 gold pieces (gained 8).
C - a scroll labelled GAMUJ CYZICW You now have 237 gold pieces (gained 3).
You now have 244 gold pieces (gained 7).
D - a scroll labelled IZAXEOLYHO An ogre comes into view.
It is wielding a +0 giant club.
Found 13 gold pieces.
The ogre moves out of view.
Casting: Searing Ray (safe; 1% risk of failure)
Confirm with . or Enter, or press ? or * to list all spells.
Aiming: Searing Ray (safe; 1% risk of failure)
Press: ? - help, Shift-Dir - straight line, f - ogre
Aim: an ogre, wielding a +0 giant club (91% to hit)
The searing ray hits the ogre!
The ogre is heavily wounded. (Press . to maintain the ray.) Unknown command.
Casting: Searing Ray (safe; 1% risk of failure)
Confirm with . or Enter, or press ? or * to list all spells.
Aiming: Searing Ray (safe; 1% risk of failure)
Press: ? - help, Shift-Dir - straight line, f/p - ogre
Aim: an ogre, wielding a +0 giant club (heavily wounded, 91% to hit)
The searing ray hits the ogre.
The ogre is heavily wounded. (Press . to maintain the ray.) Unknown command.
The searing ray hits the ogre.
The ogre is severely wounded.
Unknown command.
The searing ray hits the ogre!
You kill the ogre!
You have reached level 7!
Your demonic ancestry asserts itself...
Sharp spines emerge from parts of your body.
Are you sure you want to abandon this character and quit the game? (Confirm with "yes".)

.#
.........
.# .$.....
.# .....
## ... #.#
#.# #$#
#.#####
#@#...#
#.....#
###
####.....#
..+
+.......##
###
####....#
##.#.#
###.#
###.#####
#+#
#.......#


There were no monsters in sight!

Vanquished Creatures
  Menkaure (D:5)
  2 ogres
  A scorpion (D:4)
  2 jellies
  2 hounds (D:5)
  3 adders
  4 worms
  A dart slug (D:3)
  3 orcs
  5 bats
  An endoplasm (D:2)
  4 goblins
  2 hobgoblins
  4 kobolds
  A quokka (D:3)
  3 ball pythons
  A frilled lizard (D:1)
  2 rats
42 creatures vanquished.

Notes
Turn   | Place    | Note
-------+----------+-------------------------------------------
     0 | D:1      | ooooo the Demonspawn Conjurer began the quest for the Orb.
     0 | D:1      | Reached XP level 1. HP: 13/13 MP: 3/3
   598 | D:2      | Gained mutation: You have a pair of small antennae on your
                  | head. [demonic ancestry]
   598 | D:2      | Reached XP level 2. HP: 19/19 MP: 0/5
  1078 | D:2      | Learned a level 2 spell: Searing Ray
  1099 | D:2      | Found a faded altar of an unknown god.
  1330 | D:2      | Reached skill level 5 in Conjurations
  1340 | D:2      | Found a hide-covered altar of Uskayaw.
  1382 | D:2      | Reached XP level 3. HP: 24/24 MP: 4/6
  1883 | D:3      | Gained mutation: You regenerate magic rapidly. [demonic
                  | ancestry]
  1883 | D:3      | Reached XP level 4. HP: 30/30 MP: 3/7
  1913 | D:3      | Found a shimmering blue altar of Sif Muna.
  1940 | D:3      | Found a shadowy altar of Dithmenos.
  2637 | D:4      | Found Nydweor's Antique Armour Shop.
  2698 | D:4      | Found an opulent altar of Gozag.
  2706 | D:4      | Became a worshipper of Gozag Ym Sagoz the Greedy
  2734 | D:4      | Noticed a scorpion
  2937 | D:4      | Found a shimmering altar of Xom.
  3015 | D:4      | Found a stormy altar of Qazlal.
  3127 | D:4      | Reached skill level 6 in Conjurations
  3188 | D:4      | Noticed an ogre
  3196 | D:4      | Killed an ogre
  3197 | D:4      | Reached XP level 5. HP: 35/35 MP: 2/8
  3435 | D:4      | Reached skill level 7 in Conjurations
  3476 | D:4      | Learned a level 4 spell: Fulminant Prism
  3504 | D:5      | Entered Level 5 of the Dungeon
  3517 | D:5      | Found a bloodstained altar of Trog.
  3809 | D:5      | Gained mutation: You are partially covered in icy blue
                  | scales. (AC +2) [demonic ancestry]
  3809 | D:5      | Reached XP level 6. HP: 41/41 MP: 5/9
  3947 | D:5      | Noticed Menkaure
  3980 | D:5      | Killed Menkaure
  3981 | D:5      | Reached skill level 8 in Conjurations
  4199 | D:5      | Gained mutation: You are partially covered in sharp spines.
                  | [demonic ancestry]
  4199 | D:5      | Reached XP level 7. HP: 46/46 MP: 4/10
  4199 | D:5      | Quit the game

Illustrated notes

Levels and vault maps discovered:
D:1:      dpeg_arrival_ternary, layout_basic
D:2:      layout_loops_cross, hellmonk_ecumenical_altar_zigzags, basic_altar
D:3:      layout_loops_ring, mainiacjoe_overflow_catch_the_wave,
          kennysheep_generic_room_10
D:4:      layout_loops_cross, kennysheep_little_box, overflow_temple_1_default,
          grunt_gozag_statues, serial_shops, shop
D:5:      layout_loops_corners, nicolae_ru_the_path_less_chosen,
          old_standard_altar, hangedman_abyss_or_decor_slice,
          kennysheep_cross_bottleneck, uniq_menkaure, uniq_crazy_yiuf_cottage

Skill      XL: |  1  2  3  4  5  6 |
---------------+-------------------+-----
Conjurations   | 5 6 7 8 |  8.5
Dodging        | |  1.7
Stealth        | |  1.7
Spellcasting   | |  2.0

Action                     |  1- 3 |  4- 6 |  7- 9 || total
---------------------------+-------+-------+-------++-------
  Melee: Unarmed           |    17 |       |       ||    17
         Short sword       |    11 |    25 |       ||    36
         Punch             |       |     1 |       ||     1
  Throw: Dart              |     4 |       |       ||     4
         Javelin           |     5 |       |       ||     5
   Cast: Magic Dart        |    41 |     5 |       ||    46
         Searing Ray       |     1 |    15 |       ||    16
   Stab: Sleeping          |     1 |     3 |       ||     4
 Armour: Robe              |    15 |    16 |       ||    31
         Leather armour    |       |     2 |       ||     2
  Dodge: Dodged            |    25 |    25 |       ||    50

Table legend: (Time is in decaauts)
 A = Elapsed time spent in this place.
 B = Non-inter-level travel time spent in this place.
 C = Inter-level travel time spent in this place.
 D = Time resting spent in this place.
 E = Time spent auto-exploring this place.
 F = Levels seen in this place.
 G = Mean time per level.
                   A        B        C        D        E       F      G
               +--------+--------+--------+--------+--------+-----+--------+
         Total |   4201 |   4102 |     99 |    568 |   3019 |   5 |  840.2 |
       Dungeon |   4201 |   4102 |     99 |    568 |   3019 |   5 |  840.2 |
               +--------+--------+--------+--------+--------+-----+--------+

Top non-repeatable levels by time:
     D:2: 1314 daAuts
     D:4: 903 daAuts
     D:3: 773 daAuts
     D:5: 694 daAuts
     D:1: 515 daAuts
